 Dungeon Crawl Stone Soup version 0.20-a0-1116-gaa52201 (webtiles) character file.

183326 JiminyMac the Executioner (level 17, -2/173 HPs)
             Began as a Minotaur Berserker on May 6, 2017.
             Was an Elder of Trog.
             Slain by the 27-headed Lernaean hydra (7 damage)
             ... on level 3 of the Swamp on May 8, 2017.
             The game lasted 04:06:38 (48539 turns).

JiminyMac the Executioner (Minotaur Berserker)     Turns: 48539, Time: 04:06:39

Health: -2/173     AC: 23    Str: 28    XL:     17   Next: 74%
Magic:  16/16      EV:  8    Int:  2    God:    Trog [****..]
Gold:   3043       SH:  3    Dex: 19    Spells: 16/16 levels left

rFire    + . .     SeeInvis .   R - +7 morningstar of the Owl {flame, *Corrode +Rage MR+++ Dex-3}
rCold    + + +     Gourm    .   (no shield)
rNeg     . . .     Faith    .   J - +1 crystal plate armour "Lupria" {rF+}
rPois    .         Spirit   .   (helmet restricted)
rElec    +         Reflect  +   X - +0 cloak
rCorr    .         Harm     .   q - +0 pair of gloves
MR       +++++                  Y - +0 pair of boots
Stlth    ..........             I - +3 amulet of reflection
Regen    1.4/turn               F - +6 ring of dexterity
MPRegen  0.2/turn               H - ring of Inaelameqot {*Contam rElec rC+++ Dex+5 Stlth+}

@: about to teleport, corroded, very slightly contaminated, regenerating
A: retaliatory headbutt, horns 2, dopey 1
a: Berserk, Trog's Hand, Brothers in Arms, Burn Spellbooks, Renounce Religion,
Evoke Berserk Rage


You were on level 3 of the Swamp.
You worshipped Trog.
Trog was greatly pleased with you.
You were not hungry.

You visited 5 branches of the dungeon, and saw 30 of its levels.

You collected 3043 gold pieces.

Inventory:

Hand Weapons
 g - a +9 executioner's axe of chopping
 Q - a +1 antimagic battleaxe
 R - the +7 morningstar of the Owl (weapon) {flame, *Corrode +Rage MR+++ Dex-3}
   (You found it on level 11 of the Dungeon)

   It has been specially enchanted to burn those struck by it, causing extra
   injury to most foes and up to half again as much damage against particularly
   susceptible opponents.
   It affects your dexterity (-3).
   It affects your resistance to hostile enchantments.
   It lets you go berserk.
   It may corrode you when you take damage.
Armour
 o - a +2 plate armour of positive energy
 q - a +0 pair of gloves (worn)
 J - the +1 crystal plate armour "Lupria" (worn) {rF+}
   (You found it on level 6 of the Lair of Beasts)

   It protects you from fire.
 X - a +0 cloak (worn)
 Y - a +0 pair of boots (worn)
Jewellery
 i - an uncursed ring of flight
 x - an uncursed ring of protection from fire
 C - a +3 ring of strength
 F - a +6 ring of dexterity (left hand)
 H - the ring of Inaelameqot (right hand) {*Contam rElec rC+++ Dex+5 Stlth+}
   (You found it on level 6 of the Lair of Beasts)

   [ring of dexterity]

   It affects your dexterity (+5).
   It renders you almost immune to cold.
   It insulates you from electricity.
   It causes magical contamination when unequipped.
   It makes you more stealthy.
 I - a +3 amulet of reflection (around neck)
 K - an uncursed ring of protection from cold
Wands
 h - a wand of lightning (6/15)
 t - a wand of iceblast (11/15)
 v - a wand of flame (34/48)
 y - a wand of disintegration (18/24)
 G - a wand of paralysis (8/24)
 L - a wand of iceblast (1/15)
 M - a wand of scattershot (4/9)
 P - a wand of digging (6/24)
 T - a wand of flame (19/48)
 U - a wand of disintegration (13/24)
Scrolls
 e - 11 scrolls of teleportation
 l - 2 scrolls of fear
 n - a scroll of magic mapping
 s - 8 scrolls of enchant armour
 w - 2 scrolls of blinking
 z - 6 scrolls of identify
 A - 3 scrolls of fog
 O - 4 scrolls of recharging
 W - 9 scrolls of remove curse
Potions
 c - 5 potions of heal wounds
 f - 6 potions of flight
 k - 6 potions of haste
 p - a potion of resistance
 r - 8 potions of cancellation
 u - 15 potions of curing
 B - 3 potions of invisibility
 D - 2 potions of mutation
 S - 3 potions of agility
 Z - 4 potions of might
Books
 b - a book of the Earth

   Spells                             Type                      Level
   a - Leda's Liquefaction            Hexes/Earth                  4
   b - Bolt of Magma                  Conjuration/Fire/Earth       5
   c - Statue Form                    Transmutation/Earth          6
   d - Iron Shot                      Conjuration/Earth            6
   e - Shatter                        Earth                        9
   Trog disapproves of the use of such an item.
Miscellaneous
 m - a fan of gales
 V - a crystal ball of energy
Comestibles
 d - 10 royal jellies
 j - 11 bread rations
 E - 23 fruits
 N - 6 meat rations


   Skills:
 * Level 21.3 Fighting
 + Level 23.2 Axes
 * Level 17.5 Armour
 - Level 2.1 Dodging


You had 16 spell levels left.
You didn't know any spells.

Dungeon Overview and Level Annotations

Branches:
Dungeon (15/15)            Temple (0/1) D:6            Lair (6/6) D:11
  Swamp (4/4) Lair:3        Snake (0/4) Lair:2        Slime (0/5) Lair:5
    Orc (2/2) D:10            Elf (3/3) Orc:2        Vaults (0/5) D:14
 Depths (0/5) D:15

Altars:
Fedhas
Makhleb
Okawaru
Beogh

Shops:
D:4 *   D:7 [   D:9 [   D:11 [   D:15 [   Orc:2 (!((   Elf:2 (

Portals:
Trove: D:11 (give +3 shadow dragon scales)

Annotations:
D:11 2 runed doors
Lair:1 exclusion: oklob plant
Swamp:3 Lernaean hydra
Elf:2 3 runed doors


Innate Abilities, Weirdness & Mutations

You reflexively headbutt those who attack you in melee.
You have a pair of horns on your head.
You are dopey. (Int -2)


Message History

You feel strangely unstable.
The 27-headed Lernaean hydra bites you but does no damage.
The 27-headed Lernaean hydra bites you!
* * * LOW HITPOINT WARNING * * *
The 27-headed Lernaean hydra bites you.
* * * LOW HITPOINT WARNING * * *
The 27-headed Lernaean hydra bites you but does no damage. x2
The 27-headed Lernaean hydra barely misses you.
The 27-headed Lernaean hydra bites you.
* * * LOW HITPOINT WARNING * * *
The 27-headed Lernaean hydra bites you but does no damage. x4
The 27-headed Lernaean hydra bites you!
* * * LOW HITPOINT WARNING * * *
The 27-headed Lernaean hydra bites you but does no damage. x2
The 27-headed Lernaean hydra closely misses you.
The 27-headed Lernaean hydra bites you!
* * * LOW HITPOINT WARNING * * *
The 27-headed Lernaean hydra bites you but does no damage. x2
The 27-headed Lernaean hydra bites you!
You die...

♣♣♣♣ ♣♣≈≈♣♣ ♣♣♣♣ ♣≈≈≈≈♣
♣♣..♣♣ ≈....♣♣♣.≈..♣♣
§≈..♣♣♣≈≈≈≈..♣♣♣♣♣♣♣♣♣
≈≈≈..♣.≈≈≈≈≈≈.♣♣≈....♣
≈≈≈≈.♣♣≈≈≈≈≈≈...@.≈≈.♣
†≈.≈[♣♣≈.≈.<..≈≈D.≈≈≈♣
♣♣≈...♣..≈≈.[≈≈≈≈≈≈≈≈♣
♣≈...≈.≈≈≈≈≈≈≈≈≈≈≈≈.♣♣
♣♣≈....≈≈≈≈≈≈≈≈≈≈≈.♣♣♣ ♣♣♣♣
♣♣♣≈........≈≈≈≈≈≈≈..♣♣♣...♣
≈..≈≈≈.....≈....≈≈≈≈≈≈.≈≈..♣
♣≈≈≈≈≈≈...≈♣♣.≈≈≈≈≈≈≈≈≈.≈≈♣♣
♣.≈≈≈......♣♣≈≈≈≈≈≈≈≈≈≈≈♣♣♣


You could see the 27-headed Lernaean hydra.

Vanquished Creatures
  Jorgrun (Swamp:3)
  2 thorn hunters
  Donald (Swamp:1)
  4 deep elf sorcerers
  An orc warlord (Elf:2)
  A deep elf elementalist (Elf:1)
  A war gargoyle (D:13)
  The ghost of MatthieuS the Impaler, a journeyman MfGl of Okawaru (Lair:5)
  2 deep elf death magi (Elf:1)
  3 ogre magi (Orc:2)
  4 vault guards (D:14)
  A ghost crab (Swamp:3)
  A hydra (Swamp:3)
  3 catoblepae (Lair:6)
  2 centaur warriors
  21 two-headed ogres
  13 dancing weapons
  A death knight (D:13)
  7 death yaks
  8 alligators
  An orc high priest (Orc:2)
  2 tengu warriors
  6 deep elf knights
  A spriggan (Swamp:1)
  A skeletal warrior (D:13)
  An unseen horror (D:14)
  2 deep trolls (Orc:2)
  A deep troll (shapeshifter) (Elf:1)
  6 swamp dragons
  Pikel (D:5)
  9 orc knights
  3 wizards
  12 deep elf archers
  34 deep elf magi
  8 manticores
  A wolf spider (shapeshifter) (Elf:1)
  A manticore (shapeshifter) (D:15)
  10 slime creatures
  6 cyclopes
  6 elephants (Lair:6)
  2 orc sorcerers
  9 ugly things
  An elephant (shapeshifter) (D:15)
  Maurice (D:10)
  7 black mambas
  14 spiny frogs
  12 gargoyles
  A torpor snail (Lair:6)
  5 centaur skeletons
  4 rime drakes
  A kobold demonologist (D:15)
  2 freezing wraiths
  9 komodo dragons
  4 tyrant leeches
  3 tengu conjurers
  A queen bee (D:14)
  6 meliai
  4 hornets
  13 trolls
  Grinder (D:4)
  A wind drake (shapeshifter) (D:15)
  A polar bear (Lair:6)
  21 blink frogs
  13 bog bodies
  7 hippogriffs
  14 dream sheep
  5 air elementals
  A shadow (Swamp:3)
  4 water elementals
  63 yaks
  3 wyverns
  A basilisk (Lair:3)
  3 wraiths
  A human (D:14)
  2 hungry ghosts
  2 fire elementals
  A steam dragon (D:13)
  29 vampire mosquitoes
  A naga (Lair:2)
  17 swamp worms
  8 insubstantial wisps
  A warg (Orc:2)
  A soldier ant (D:14)
  12 water moccasins
  12 porcupines
  29 orc warriors
  A slave (D:5)
  5 ice beasts
  9 swamp drakes
  The ghost of enarc13 the Sneak, an amateur FeEn (D:4)
  3 black bears
  4 eyes of draining
  A necrophage (D:6)
  28 ogres
  7 phantoms
  2 wolves (Lair:2)
  5 boggarts
  9 centaurs
  13 crocodiles
  Blork the orc (D:5)
  3 big kobolds
  25 bullfrogs
  A wyvern zombie (D:11)
  2 earth elementals (Elf:2)
  2 gnoll sergeants
  A wyvern skeleton (D:7)
  A scorpion (D:7)
  A water moccasin skeleton (D:9)
  20 killer bees (D:14)
  9 wights
  4 electric eels
  6 howler monkeys
  2 bullfrog zombies
  6 crimson imps
  4 centaur zombies
  A hound (shapeshifter) (D:15)
  5 hounds
  17 jellies
  22 orc priests
  A gnoll shaman (D:7)
  16 orc wizards
  5 bullfrog skeletons
  3 iguanas
  2 hell rats (Lair:6)
  12 worker ants
  A hound zombie (D:6)
  A hound skeleton (D:6)
  17 gnolls
  16 adders
  10 river rats (Lair:6)
  2 shadow imps
  4 oozes
  3 adder skeletons
  3 worms
  3 dart slugs
  4 leopard geckos
  68 orcs
  5 giant cockroaches
  5 goblins
  5 hobgoblins
  A jackal (D:11)
  6 quokkas
  8 bats
  4 frilled lizards
  2 jackal zombies
  14 kobolds
  A leopard gecko skeleton (D:7)
  A quokka skeleton (D:5)
  7 rats
  A butterfly (D:6)
  6 fungi
  14 plants
1015 creatures vanquished.

Vanquished Creatures (collateral kills)
  18 hydras
  2 alligators (Swamp:3)
  Sonja (D:14)
  A swamp dragon (Swamp:3)
  A black mamba (Lair:6)
  A spiny frog (Lair:3)
  2 bog bodies (Swamp:4)
  A dream sheep (Lair:6)
  A wyvern (Lair:6)
  A yak (Lair:6)
  An insubstantial wisp (Swamp:4)
  A swamp drake (Swamp:4)
  6 centaurs
  A big kobold (D:8)
  A bullfrog (Lair:4)
  4 wights (D:11)
  A plant (Lair:6)
44 creatures vanquished.

Vanquished Creatures (others)
  A deep elf knight (Elf:3)
  A centaur (D:5)
  An adder zombie (D:5)
  A dart slug (D:5)
  A bush (Lair:6)
  56 fungi
  16 plants
77 creatures vanquished.

Grand Total: 1136 creatures vanquished

Notes
Turn   | Place    | Note
-------+----------+-------------------------------------------
     0 | D:1      | JiminyMac the Minotaur Berserker began the quest for the Orb.
     0 | D:1      | Reached XP level 1. HP: 19/19 MP: 0/0
   194 | D:1      | Reached XP level 2. HP: 26/27 MP: 1/1
   271 | D:1      | Reached skill level 4 in Axes
   709 | D:2      | Reached XP level 3. HP: 24/33 MP: 2/2
  1001 | D:2      | Reached ** piety under Trog
  1346 | D:2      | Reached XP level 4. HP: 39/40 MP: 3/3
  1355 | D:2      | Reached skill level 5 in Axes
  1602 | D:2      | You fall through a shaft for 2 floors!
  1653 | D:4      | Noticed a phantom
  1680 | D:4      | Killed a phantom
  1680 | D:4      | Reached XP level 5. HP: 41/47 MP: 4/4
  1947 | D:3      | Reached skill level 5 in Fighting
  1947 | D:3      | Reached skill level 6 in Axes
  2033 | D:3      | Reached XP level 6. HP: 37/56 MP: 5/5
  2949 | D:4      | Found Hytot's Assorted Antiques.
  3076 | D:4      | Noticed enarc13's ghost (amateur FeEn)
  3081 | D:4      | Killed enarc13's ghost
  3081 | D:4      | Reached skill level 5 in Armour
  3266 | D:4      | Noticed Grinder
  3266 | D:4      | Paralysed by Grinder for 5 turns
  3283 | D:4      | Killed Grinder
  3283 | D:4      | Reached skill level 7 in Axes
  3283 | D:4      | Reached XP level 7. HP: 47/62 MP: 6/6
  3805 | D:5      | Entered Level 5 of the Dungeon
  3942 | D:5      | Reached skill level 8 in Axes
  3952 | D:5      | Reached *** piety under Trog
  4252 | D:5      | Noticed Pikel
  4263 | D:5      | Killed Pikel
  4263 | D:5      | Reached skill level 9 in Axes
  4263 | D:5      | Reached XP level 8. HP: 49/73 MP: 7/7
  4474 | D:5      | Found an iron altar of Okawaru.
  4731 | D:5      | Noticed Blork the orc
  4737 | D:5      | Killed Blork the orc
  4849 | D:6      | Reached skill level 10 in Axes
  4877 | D:6      | Found a staircase to the Ecumenical Temple.
  4961 | D:6      | You fall through a shaft for 2 floors!
  5018 | D:8      | Reached XP level 9. HP: 77/81 MP: 8/8
  5235 | D:8      | Reached skill level 11 in Axes
  5735 | D:6      | Reached **** piety under Trog
  5844 | D:6      | Found a burning altar of Makhleb.
  5856 | D:6      | Reached skill level 12 in Axes
  6257 | D:7      | Found Kaecw's Armour Shop.
  6462 | D:7      | Reached XP level 10. HP: 91/91 MP: 9/9
  6780 | D:8      | Noticed a three-headed hydra
  6792 | D:8      | Killed a four-headed hydra
  6792 | D:8      | Reached skill level 13 in Axes
  7344 | D:8      | Reached skill level 10 in Fighting
  7450 | D:9      | Noticed a two-headed ogre
  7455 | D:9      | Killed a two-headed ogre
  7457 | D:9      | Reached skill level 10 in Armour
  7559 | D:9      | Reached ***** piety under Trog
  7857 | D:9      | Found Joaceim's Armour Shoppe.
  8031 | D:10     | Entered Level 10 of the Dungeon
  8068 | D:10     | Reached skill level 14 in Axes
  8088 | D:10     | Noticed Maurice
  8114 | D:10     | Killed Maurice
  8514 | D:10     | Reached XP level 11. HP: 87/101 MP: 10/10
  8696 | D:10     | Found a staircase to the Orcish Mines.
  9097 | D:11     | Found a large runed door.
  9097 | D:11     | Found a large runed door.
  9318 | D:11     | Found a large runed door.
  9318 | D:11     | Found a large runed door.
  9346 | D:11     | Got a smoking morningstar
  9352 | D:11     | Identified the +7 morningstar of the Owl {flame, *Corrode +Rage MR+++ Dex-3} (You found it on level 11 of the Dungeon)
  9367 | D:11     | Noticed a cyan ugly thing
  9379 | D:11     | Killed a cyan ugly thing
  9560 | D:11     | Paralysed by fainting for 6 turns
 10127 | D:11     | Noticed a two-headed ogre
 10128 | D:11     | Noticed a two-headed ogre
 10134 | D:11     | Killed a two-headed ogre
 10134 | D:11     | Reached skill level 15 in Axes
 10136 | D:11     | Killed a two-headed ogre
 10439 | D:11     | Noticed a brown ugly thing
 10444 | D:11     | Killed a brown ugly thing
 10720 | D:11     | Received a gift from Trog
 11027 | D:11     | Found a staircase to the Lair.
 11072 | D:11     | Found a portal to a secret trove of treasure.
 11346 | D:11     | Found Ufaest's Antique Armour Boutique.
 11641 | Lair:1   | Entered Level 1 of the Lair of Beasts
 11778 | Lair:1   | Reached skill level 16 in Axes
 12173 | Lair:1   | Noticed an oklob plant
 12212 | Lair:1   | Reached XP level 12. HP: 112/112 MP: 11/11
 13049 | Lair:2   | Found a staircase to the Snake Pit.
 13234 | Lair:2   | Found a burning altar of Makhleb.
 14036 | Lair:3   | Reached skill level 17 in Axes
 14734 | Lair:3   | Reached skill level 18 in Axes
 14754 | Lair:3   | Found a staircase to the Swamp.
 15027 | Lair:3   | Noticed a six-headed hydra
 15036 | Lair:3   | Killed a seven-headed hydra
 15696 | Lair:4   | Noticed a four-headed hydra
 15701 | Lair:4   | Killed a five-headed hydra
 16026 | Lair:4   | Reached skill level 19 in Axes
 16721 | Lair:4   | Reached XP level 13. HP: 110/117 MP: 12/12
 17303 | Lair:5   | Noticed MatthieuS's ghost (journeyman MfGl)
 17700 | Lair:5   | Killed MatthieuS's ghost
 18131 | Lair:5   | Reached skill level 20 in Axes
 18410 | Lair:5   | Found a staircase to the Slime Pits.
 18786 | Lair:5   | Upgraded the game from 0.20-a0-1108-g6ae5986 to 0.20-a0-1116-gaa52201
 18892 | Lair:6   | Entered Level 6 of the Lair of Beasts
 21551 | Lair:5   | Reached XP level 14. HP: 78/132 MP: 13/13
 22524 | Lair:6   | Got a transparent brass ring
 22529 | Lair:6   | Got a spiked crystal plate armour
 22537 | Lair:6   | Got an ancient long sword
 22551 | Lair:6   | Identified the +1 crystal plate armour "Lupria" {rF+} (You found it on level 6 of the Lair of Beasts)
 22552 | Lair:6   | Identified the ring of Inaelameqot {*Contam rElec rC+++ Dex+5 Stlth+} (You found it on level 6 of the Lair of Beasts)
 22553 | Lair:6   | Identified the +4 long sword of Oozing Pus {slice, rN+ Str+3 Int+2 Dex+3} (You found it on level 6 of the Lair of Beasts)
 23055 | Lair:6   | Received a gift from Trog
 23721 | Orc:1    | Entered Level 1 of the Orcish Mines
 23973 | Orc:2    | Entered Level 2 of the Orcish Mines
 24968 | Orc:1    | Reached skill level 15 in Fighting
 25447 | Orc:2    | Reached skill level 21 in Axes
 25850 | Orc:2    | Found Bamoprox's Distillery.
 25870 | Orc:2    | Found Yschaclao's Weapon Emporium.
 25871 | Orc:2    | Found Heckius's Antique Weapon Shop.
 25897 | Orc:2    | Found Saob's Antique Weapon Emporium.
 26672 | Orc:2    | Found a staircase to the Elven Halls.
 26904 | Orc:2    | Received a gift from Trog
 27126 | Orc:1    | Found a roughly hewn altar of Beogh.
 27936 | D:12     | Reached XP level 15. HP: 141/144 MP: 4/14
 29282 | D:13     | Received a gift from Trog
 30103 | D:13     | Received a gift from Trog
 30748 | D:14     | Found a blossoming altar of Fedhas.
 31110 | D:14     | Received a gift from Trog
 31832 | D:14     | Noticed Sonja
 31842 | D:14     | Killed Sonja
 32498 | D:14     | Found a gate to the Vaults.
 32811 | D:15     | Entered Level 15 of the Dungeon
 32828 | D:15     | Reached skill level 15 in Armour
 33473 | D:15     | Received a gift from Trog
 33590 | D:15     | Found a staircase to the Depths.
 33916 | D:15     | Found Fuint's Armour Emporium.
 34032 | D:15     | Reached skill level 22 in Axes
 34285 | Swamp:1  | Entered Level 1 of the Swamp
 34357 | Swamp:1  | Reached XP level 16. HP: 127/159 MP: 15/15
 34552 | Swamp:1  | Noticed Donald
 34560 | Swamp:1  | Killed Donald
 34746 | Swamp:1  | Noticed a thorn hunter
 34752 | Swamp:1  | Killed a thorn hunter
 35064 | Elf:1    | Entered Level 1 of the Elven Halls
 35345 | Elf:1    | Gained mutation: You are dopey. (Int -2) [a neqoxec]
 39863 | Elf:2    | Found a runed gate.
 39863 | Elf:2    | Found a runed gate.
 39863 | Elf:2    | Found a runed gate.
 40420 | Elf:2    | Reached XP level 17. HP: 146/170 MP: 16/16
 40590 | Elf:2    | Found Zaphumuo's Antique Weapon Boutique.
 40785 | Elf:3    | Entered Level 3 of the Elven Halls
 40897 | Elf:3    | Reached ****** piety under Trog
 44866 | Swamp:3  | Reached skill level 23 in Axes
 45073 | Swamp:3  | Got a faintly glowing chain mail
 45084 | Swamp:3  | Identified the +0 chain mail of the Boiling Point {rN+ Stlth+} (You found it on level 3 of the Swamp)
 45230 | Swamp:4  | Entered Level 4 of the Swamp
 45847 | Swamp:4  | Received a gift from Trog
 47032 | Swamp:3  | Noticed Jorgrun
 47054 | Swamp:3  | Killed Jorgrun
 48496 | Swamp:4  | Noticed the 27-headed Lernaean hydra
 48539 | Swamp:3  | HP: 5/173 [the 27-headed Lernaean hydra (9)]
 48539 | Swamp:3  | Slain by the 27-headed Lernaean hydra

Vault maps used:
D:1:      tarquinn_simple_flora_water_c
D:3:      minmay_misc_feat_five
D:4:      serial_shops, nicolae_shop_overgrown_old_shop, uniq_grinder
D:5:      first_bread, okawaru_metal_pillars_1_2, uniq_pikel, uniq_blork_the_orc
D:6:      makhleb_blood_cavern_becter, minmay_temple_entry_butterflies
D:7:      serial_shops, shop_fountains
D:8:      hangedman_ranch
D:9:      serial_shops, nicolae_shop_behind_doors
D:10:     orc_0_dummy, uniq_maurice
D:11:     grunt_lair_entry_orc_guard_hut, nicolae_trove_entry_crystal,
          serial_shops, shop, minmay_hollow_rounded_squares
D:12:     serial_corexii_hall, corexii_hall_statues_l, corexii_hall_statues_i,
          corexii_hall_statues_s, corexii_hall_statues_i,
          corexii_hall_statues_t, corexii_hall_statues_t
D:13:     gargoyle_guard
D:14:     grunt_vaults_entry_fortified, minmay_crystal_water, special_room,
          fedhas_altar_1, uniq_sonja
D:15:     gammafunk_enter_depths_forms, corexii_leaking_fountain, serial_shops,
          nicolae_shop_crystal
Lair:1:   minmay_lair_oklob_items, serial_bayou_ford_a, serial_bayou_pond_d,
          columned_hall_lemuel, serial_bayou_pond_c, grunt_megastairs_3,
          infiniplex_staircase_pool
Lair:2:   guppyfry_snake_entry_island, basic_altar, minivault_19,
          nicolae_quartered_pool_medium, beast_lair_carwin_6
Lair:3:   swamp_mist_pool, minivault_11, st_stairs_6, hibernation_bobbens
Lair:5:   minmay_slime_entry_jelly_boxes
Lair:6:   evilmike_catoblepas_cave, kennysheep_rathole
Swamp:1:  evilmike_swamp_ruin_house_4, uniq_donald
Swamp:2:  nicolae_swamp_rocky_clearing
Swamp:3:  hangedman_swamp_ruin_wall, swamp_pool1, hangedman_swamp_muck,
          uniq_jorgrun
Swamp:4:  grunt_swamp_rune_castle
Orc:1:    basic_altar
Orc:2:    st_orc_open
Elf:1:    hangedman_elf_disciples
Elf:2:    serial_shops, shop, special_room
Elf:3:    minmay_elf_hall_x

Skill      XL: |  1  2  3  4  5  6  7  8  9 10 11 12 13 14 15 16 17 |
---------------+----------------------------------------------------+-----
Axes           | 4 5 6 7 9 10 12 14 16 19 20 21 22 23 | 23.2
Armour         | 3 4 5 6 7 8 10 11 12 14 15 16 17 | 17.5
Fighting       | 4 5 7 8 9 10 11 14 16 18 20 21 | 21.3
Dodging        | |  2.1

Action                   |  1- 3 |  4- 6 |  7- 9 | 10-12 | 13-15 | 16-18 || total
-------------------------+-------+-------+-------+-------+-------+-------++-------
Melee: Hand axe          |    72 |   126 |    11 |       |       |       ||   209
       Headbutt          |    13 |    24 |    61 |   140 |   254 |   154 ||   646
       War axe           |       |       |   219 |   129 |       |       ||   348
       Battleaxe         |       |       |    13 |   168 |   136 |       ||   317
       Unarmed           |       |       |       |    14 |       |       ||    14
       Broad axe         |       |       |       |   227 |   328 |       ||   555
       Executioner's axe |       |       |       |       |   450 |   570 ||  1020
       Morningstar       |       |       |       |       |       |     1 ||     1
Invok: Berserk           |     1 |     3 |     4 |     9 |    25 |    24 ||    66
       Brothers in Arms  |       |       |       |     4 |     8 |    12 ||    24
       Burn Spellbooks   |       |       |       |     2 |     1 |     2 ||     5
       Trog's Hand       |       |       |       |       |     5 |     9 ||    14
  Use: Scroll            |       |     6 |     6 |    10 |    13 |    17 ||    52
       Potion            |       |       |       |       |     3 |     5 ||     8
  Eat: Chunk             |     2 |     3 |    11 |    22 |    56 |    34 ||   128
       Bread ration      |       |     2 |       |     1 |       |     1 ||     4
       Meat ration       |       |       |       |     2 |     4 |     1 ||     7
       Fruit             |       |       |       |     7 |     3 |     4 ||    14
       Royal jelly       |       |       |       |       |     2 |    15 ||    17
Armor: Animal skin       |     8 |       |       |       |       |       ||     8
       Ring mail         |     8 |       |       |       |       |       ||     8
       Chain mail        |     8 |    56 |       |       |       |       ||    64
       Plate armour      |       |     5 |   124 |   261 |   200 |       ||   590
       Crystal plate arm |       |       |       |       |   476 |   638 ||  1114
Dodge: Dodged            |    39 |    40 |    85 |   171 |   348 |   253 ||   936
Block: Other             |       |       |     4 |    59 |   111 |    80 ||   254
       Reflection        |       |       |       |     2 |     4 |    13 ||    19
